Map: At Eternity's Edge LE

Players

Khamsin - Winner!

  • Race: Protoss Protoss

I.A. 1 (Molto difficile)

  • Race: Protoss Protoss

VOD

Have the link to the VOD?

Description

Time

  • Played on: Sept. 14, 2026, 2:33 p.m.
  • Length: 16:27
Show
View Real Time Build Order
Export as new Build Order

Khamsin Protoss - Winner!

Build Orders:  

Get SALT Encoding   

  8  0:01  Probe (Chrono Boost)  
  9  0:13  Probe (Chrono Boost)  
  10  0:18  Probe (Chrono Boost)  
  11  0:29  Probe  
  12  0:41  Probe  
  13  0:51  Pylon  
  13  1:09  Probe  
  14  1:20  Gateway  
  14  1:21  Probe (Chrono Boost)  
  15  1:30  Probe (Chrono Boost)  
  16  1:34  Assimilator  
  16  1:35  Probe (Chrono Boost)  
  17  1:52  Probe  
  18  2:04  Probe  
  19  2:17  Probe (Chrono Boost)  
  19  2:19  Cybernetics Core  
  20  2:29  Probe (Chrono Boost)  
  21  2:39  Nexus  
  21  2:42  Pylon  
  21  3:00  Warp Gate, Stalker, Probe  
  24  3:13  Probe  
  25  3:25  Probe  
  26  3:28  Stalker  
  28  3:34  Shield Battery  
  28  3:37  Probe  
  29  3:51  Probe  
  29  3:52  Pylon  
  29  3:55  Pylon  
  30  3:58  Robotics Facility  
  30  4:06  Probe x2  
  32  4:11  Assimilator  
  32  4:18  Probe  
  32  4:19  Probe  
  34  4:31  Probe x2  
  36  4:35  Gateway  
  36  4:37  Gateway  
  36  4:43  Probe x2  
  38  4:46  Immortal  
  42  5:01  Probe  
  42  5:02  Probe  
  44  5:14  Probe x2  
  46  5:15  Stalker  
  46  5:21  Pylon  
  48  5:22  Pylon  
  48  5:33  Stalker  
  50  5:42  Probe x2  
  52  5:52  Forge  
  52  5:53  Forge  
  52  5:54  Probe x2  
  54  6:09  Stalker  
  54  6:10  Stalker  
  54  6:11  Zealot, Nexus  
  60  6:19  Assimilator  
  60  6:33  Protoss Ground Weapons Level 1, Protoss Shields Level 1  
  60  6:36  Probe x2  
  62  6:48  Probe x2  
  64  6:57  Gateway  
  64  6:59  Gateway  
  64  7:01  Gateway  
  64  7:15  Assimilator, Robotics Facility  
  64  7:19  Probe (Chrono Boost)  
  65  7:26  Probe (Chrono Boost)  
  65  7:27  Probe (Chrono Boost)  
  67  7:36  Probe (Chrono Boost)  
  70  7:37  Probe (Chrono Boost)  
  70  7:39  Probe (Chrono Boost)  
  70  7:41  Probe (Chrono Boost)  
  70  7:43  Probe (Chrono Boost)  
  72  7:45  Twilight Council  
  72  7:48  Stalker x2  
  72  7:49  Stalker  
  78  7:53  Probe  
  79  8:05  Probe  
  80  8:10  Immortal  
  84  8:18  Pylon  
  84  8:21  Pylon  
  84  8:26  Assimilator, Probe (Chrono Boost)  
  85  8:34  Protoss Ground Armor Level 1  
  85  8:36  Immortal  
  85  8:37  Probe (Chrono Boost)  
  90  8:42  Probe (Chrono Boost)  
  90  8:44  Stalker x2  
  90  8:45  Stalker x2  
  90  8:46  Zealot x2  
  103  9:06  Pylon  
  103  9:09  Probe, Pylon  
  102  9:11  Immortal  
  102  9:12  Pylon  
  102  9:15  Immortal  
  102  9:17  Stalker x3  
  94  9:18  Zealot x2  
  94  9:19  Zealot  
  94  9:21  Probe  
  95  9:45  Stalker x2  
  97  9:46  Stalker  
  97  9:47  Stalker  
  97  9:48  Stalker  
  97  9:50  Immortal  
  107  9:53  Stalker  
  107  9:54  Immortal  
  93  10:14  Stalker  
  93  10:15  Stalker x2  
  99  10:22  Assimilator  
  99  10:29  Immortal  
  99  10:33  Immortal  
  107  11:00  Stalker x2  
  107  11:01  Stalker  
  107  11:02  Zealot  
  107  11:03  Stalker  
  117  11:04  Stalker  
  117  11:08  Immortal  
  123  11:12  Nexus  
  123  11:33  Pylon  
  123  11:38  Protoss Ground Weapons Level 2, Protoss Ground Armor Level 2  
  123  11:41  Immortal  
  127  11:51  Immortal  
  131  12:04  Pylon, Stalker  
  131  12:05  Stalker  
  131  12:08  Pylon  
  135  12:11  Pylon  
  139  12:22  Immortal  
  139  12:30  Gateway x2  
  139  12:31  Immortal  
  139  12:32  Stalker  
  139  12:33  Stalker, Zealot  
  139  12:34  Zealot x2  
  139  12:35  Zealot  
  153  12:56  Stalker x3  
  153  12:57  Zealot x2  
  153  12:58  Zealot  
  153  13:08  Immortal  
  153  13:10  Immortal  
  161  13:17  Pylon  
  161  13:18  Pylon  
  157  13:20  Stalker x2, Pylon  
  157  13:21  Stalker, Zealot  
  157  13:22  Zealot  
  157  13:23  Zealot  
  169  13:48  Immortal  
  173  13:49  Stalker x3, Immortal  
  173  13:50  Zealot x3  
  173  13:51  Stalker  
  173  13:52  Stalker  
  171  14:17  Stalker x2  
  171  14:18  Stalker, Zealot  
  171  14:19  Zealot, Stalker x2  
  171  14:20  Stalker  
  183  14:27  Immortal  
  183  14:28  Immortal  
  187  14:46  Stalker x2  
  187  14:47  Stalker x2  
  195  15:02  Pylon  
  195  15:21  Immortal  
  197  15:33  Immortal  
Show
View Real Time Build Order
Export as new Build Order

I.A. 1 (Molto difficile) Protoss 

Build Orders:  

Get SALT Encoding   

  8  0:00  Probe  
  9  0:13  Probe  
  10  0:25  Probe  
  11  0:37  Probe  
  12  0:47  Pylon  
  12  0:49  Probe  
  13  1:01  Probe  
  13  1:09  Probe  
  13  1:10  Gateway  
  15  1:18  Probe  
  16  1:30  Probe  
  17  1:43  Nexus  
  17  1:45  Probe  
  18  1:53  Zealot  
  18  2:01  Pylon  
  20  2:05  Assimilator  
  20  2:16  Probe, Cybernetics Core  
  21  2:29  Probe  
  22  2:38  Gateway  
  22  2:41  Probe  
  23  2:46  Pylon  
  23  2:47  Stalker  
  23  2:53  Assimilator  
  25  3:05  Probe  
  25  3:06  Probe  
  27  3:13  Stalker  
  27  3:14  Probe  
  27  3:18  Probe  
  31  3:24  Warp Gate, Probe  
  32  3:30  Probe  
  33  3:36  Probe  
  34  3:41  Gateway  
  34  3:42  Probe  
  34  3:48  Zealot, Probe  
  38  4:00  Stalker  
  40  4:06  Stalker  
  40  4:11  Pylon  
  42  4:25  Assimilator  
  42  4:27  Sentry, Assimilator  
  44  4:34  Probe  
  44  4:36  Probe, Adept  
  48  4:41  Pylon  
  48  4:46  Probe  
  48  4:48  Probe  
  48  4:51  Stargate  
  50  4:55  Probe  
  51  5:00  Probe  
  51  5:03  Probe  
  52  5:10  Probe  
  54  5:15  Forge  
  54  5:22  Probe  
  54  5:25  Probe  
  55  5:28  Pylon  
  55  5:34  Probe  
  55  5:35  Void Ray  
  61  5:36  Probe  
  62  5:46  Probe  
  62  5:47  Zealot, Protoss Ground Armor Level 1  
  62  5:48  Probe  
  66  5:54  Pylon  
  66  5:58  Probe  
  66  5:59  Zealot  
  66  6:01  Probe  
  70  6:11  Probe, Zealot  
  71  6:12  Probe  
  71  6:15  Pylon  
  74  6:20  Probe  
  74  6:23  Probe, Stalker  
  78  6:29  Probe  
  78  6:36  Stalker, Probe  
  78  6:37  Pylon  
  82  6:41  Probe  
  82  6:46  Twilight Council  
  83  6:48  Stalker, Probe  
  86  7:00  Pylon, Stalker  
  88  7:12  Sentry  
  88  7:14  Blink  
  90  7:18  Photon Cannon  
  90  7:20  Robotics Facility  
  90  7:21  Pylon  
  90  7:24  Adept  
  90  7:29  Photon Cannon  
  92  7:31  Pylon  
  92  7:33  Pylon  
  92  7:36  Void Ray  
  96  7:39  Protoss Ground Weapons Level 1  
  96  7:40  Forge  
  96  7:53  Photon Cannon  
  96  7:55  Photon Cannon  
  96  8:08  Observer  
  96  8:09  Void Ray  
  101  8:25  Observer  
  102  8:52  Protoss Ground Armor Level 2  
  102  9:00  Warp Prism  
  102  9:02  Stalker  
  106  9:04  Gateway  
  106  9:06  Robotics Bay  
  106  9:08  Stalker  
  108  9:10  Robotics Facility  
  108  9:13  Stargate, Nexus  
  108  9:15  Zealot  
  102  9:19  Protoss Air Weapons Level 1  
  102  9:27  Warp Prism  
  104  9:40  Protoss Shields Level 1  
  104  9:51  Sentry  
  102  9:54  Gateway, Gravitic Boosters  
  102  9:56  Warp Prism, Stalker  
  96  10:02  Zealot  
  96  10:03  Observer  
  85  10:07  Zealot  
  85  10:13  Stargate  
  77  10:14  Zealot  
  77  10:19  Stalker  
  81  10:24  Stalker  
  83  10:29  Probe x3, Void Ray  
  83  10:34  Stalker  
  92  10:37  Assimilator  
  92  10:38  Pylon  
  92  10:39  Assimilator, Stalker  
  92  10:41  Probe  
  92  10:42  Probe  
  96  10:43  Probe  
  96  10:44  Stalker  
  96  10:47  Pylon  
  96  10:49  Protoss Ground Weapons Level 2, Stalker  
  101  10:54  Stalker  
  103  10:59  Sentry, Gravitic Drive  
  105  11:04  Void Ray  
  105  11:08  Photon Cannon  
  105  11:10  Photon Cannon  
  109  11:18  Protoss Air Armor Level 1  
  109  11:33  Templar Archives  
  109  11:43  Dark Shrine  
  109  11:44  Protoss Shields Level 2  
  109  11:55  Fleet Beacon  
  109  12:13  Nexus  
  109  12:36  Adept  
  111  12:39  Immortal  
  111  12:41  Zealot  
  111  12:43  Zealot  
  119  12:45  Adept  
  119  12:48  Immortal  
  119  12:50  Zealot  
  121  12:52  Photon Cannon  
  121  12:53  Zealot  
  121  12:54  Pylon  
  121  12:55  Void Ray  
  105  13:03  Stalker  
  105  13:05  Stalker  
  98  13:08  Stalker  
  98  13:11  Zealot  
  98  13:12  Stalker  
  87  13:25  Stalker  
  73  13:27  Stalker  
  73  13:30  Zealot  
  73  13:32  Stalker  
  73  13:33  Assimilator  
  74  13:34  Zealot  
  74  13:38  Assimilator  
  70  13:42  Zealot  
  70  13:47  Void Ray, Zealot  
  70  13:48  Stalker  
  80  13:52  Stalker  
  72  13:55  Probe  
  72  14:00  Zealot  
  67  14:04  Stalker  
  67  14:08  Zealot  
  55  14:10  Stalker  
  55  14:15  Stalker  
  47  14:18  Zealot  
  38  14:28  Nexus  
  30  14:43  Probe  
  31  14:46  Assimilator  
  31  14:47  Probe  
  22  14:55  Probe  
  23  15:00  Zealot  
  23  15:02  Zealot, Probe  
  23  15:16  Probe  
  20  15:22  Zealot  
  15  15:29  Probe, Nexus  
Tags
 
Add a new tag
Caveats
  • Supply blocks, unpowered buildings, or Contaminate may cause inaccurate times.
  • Supply counts are checked every 10 seconds.